 Dungeon Crawl Stone Soup version 0.30-a0-603-g51a0fb1b98 (webtiles) character file.

Game seed: 5306177679363517654

4477 Leeroy the Grappler (level 10, -7/85 HPs)
             Began as a Pale Draconian Transmuter on Jan 7, 2023.
             Was a Priest of Wu Jian.
             Killed from afar by Lodul (30 damage)
             ... with a bolt of lightning
             ... on level 10 of the Dungeon.
             The game lasted 00:20:08 (9573 turns).

Leeroy the Grappler (Pale Draconian Transmuter)     Turns: 9573, Time: 00:20:10

Health: -7/85      AC: 11    Str: 15    XL:     10   Next: 15%
Magic:  12/14      EV: 10    Int: 16    God:    Wu Jian [***...]
Gold:   427        SH:  5    Dex: 11    Spells: 3/14 levels left

rFire   x . .      SeeInvis +      - Unarmed
rCold   + + +      Faith    .    (shield currently unavailable)
rNeg    . . .      Spirit   .    (body armour unavailable)
rPois   +          Reflect  +    (helmet currently unavailable)
rElec   .          Harm     .    (cloak currently unavailable)
rCorr   .          Rampage  .    (gloves currently unavailable)
Will    .....                    (boots currently unavailable)
Stlth   +                        B - amulet of reflection
HPRegen 0.34/turn                n - +4 ring of protection
MPRegen 0.14/turn                x - ring of see invisible

@: ice-form (expiring)
A: freezing attack, amphibious, boosted hp, (breathe steam), AC +7, large,
unfitting armour, (cold-blooded), (steam resistance)
a: End Transformation, Renounce Religion, Wall Jump, Serpent's Lash


You were on level 10 of the Dungeon.
You worshipped Wu Jian.
Wu Jian was most pleased with you.
You were a creature of crystalline ice.
You visited 2 branches of the dungeon, and saw 11 of its levels.

You collected 427 gold pieces.

Inventory:

Hand Weapons
 u - a +2 trident of pain
 v - a +3 halberd
 y - a +2 dagger of protection
Missiles
 a - 2 throwing nets
 g - 47 poisoned darts
Armour
 l - a scarf of shadows (melded)
 A - a +0 pair of boots
 J - a +0 pair of boots
 N - a scarf of invisibility
Jewellery
 n - a +4 ring of protection (left front paw)
 p - a ring of positive energy
 x - a ring of see invisible (right front paw)
 B - an amulet of reflection (around neck)
Wands
 i - a wand of paralysis (6)
 D - a wand of polymorph (10)
 M - a wand of flame (15)
Scrolls
 b - 4 scrolls of amnesia {unknown}
 c - 6 scrolls of identify
 f - 2 scrolls of blinking {unknown}
 h - 2 scrolls of silence {unknown}
 j - a scroll of magic mapping {unknown}
 q - 2 scrolls of teleportation {unknown}
 s - a scroll of torment {unknown}
 t - a scroll of noise {unknown}
 w - a scroll of enchant armour {unknown}
 z - 4 scrolls of fear
 G - a scroll of vulnerability {unknown}
 I - a scroll of brand weapon {unknown}
 K - a scroll of immolation {unknown}
 L - a scroll of fog {unknown}
 P - a scroll of enchant weapon {unknown}
Potions
 d - 3 potions of degeneration {unknown}
 e - 5 potions of curing {unknown}
 k - 2 potions of heal wounds {unknown}
 m - 2 potions of ambrosia {unknown}
 o - 3 potions of flight {unknown}
 r - a potion of might
 C - a potion of lignification
 E - a potion of mutation {unknown}
 F - a potion of magic {unknown}
 H - a potion of cancellation {unknown}
 O - a potion of attraction {unknown}


   Skills:
 - Level 1.3 Fighting
 - Level 4.0 Dodging
 - Level 0.4 Stealth
 - Level 0.1 Shields
 + Level 11.8 Unarmed Combat
 - Level 2.9 Spellcasting
 * Level 7.6 Transmutations
 - Level 3.0 Ice Magic


You had 3 spell levels left.
You knew the following spells:

 Your Spells              Type           Power      Damage    Failure   Level
a - Beastly Appendage     Tmut           52%        N/A       1%          1
b - Spider Form           Tmut/Pois      14%        N/A       12%         3
c - Wereblood             Tmut           26%        N/A       1%          2
d - Slow                  Hex            8%         N/A       19%         1
e - Ice Form              Ice/Tmut       19%        N/A       21%         4

Your spell library contained the following spells:

 Spells                   Type           Power      Damage    Failure   Level
 Ensorcelled Hibernation  Hex/Ice        14%        N/A       16%         2
 Confusing Touch          Hex            2%         N/A       50%         3
 Vampiric Draining        Necr           2%         2d6       50%         3
 Anguish                  Hex/Necr       1%         N/A       88%         4


Dungeon Overview and Level Annotations

Branches:
Dungeon (10/15)            Temple (1/1) D:4            Lair (0/5) D:8
    Orc: D:9-12

Altars:
Ashenzari
Cheibriados
Dithmenos
Fedhas
Gozag
Ru
Trog
Uskayaw
Wu Jian
Yredelemnul
Zin
The Shining One

Shops:
D:1 =:**   D:5 *   D:8 (

Annotations:
D:10 Lodul


Innate Abilities, Weirdness & Mutations

You are a creature of crystalline ice.
You have a powerful freezing melee attack.
You are amphibious.
Your maximum health is increased.
Your armour is entirely melded.
You are incapable of wielding weapons or throwing items.
((You can breathe blasts of scalding, opaque steam.))
((Your pale cyan-grey scales are hard. (AC +7)))
You cannot fit into any form of body armour.
((You are cold-blooded and may be slowed by cold attacks.))
((You are immune to the effects of steam.))


Message History

c - 7 scrolls labelled PICIPR TAUCS (gained 1)
There are no items here.
Your magical contamination has completely faded away.
An ogre comes into view. It is wielding a +0 giant club.
An ogre comes into view. It is wielding a +0 giant spiked club.
The ogre shouts! x2
Lodul the Thundrous comes into view.
He is wielding a +0 great mace and carrying a wand of paralysis (4).
An ogre comes into view.
It is wielding a +0 giant spiked club. x2
Press: ? - help, v - describe, . - travel
Here: Lodul, wielding a +0 great mace and carrying a wand of paralysis (4) (wandering, hasn't noticed you)
The floor.
Okay, then.
Lodul shouts!
The ogre shouts! x2
Electricity crackles from Lodul's apparatus.
The bolt of lightning hits you!
Okay, then.
Electricity crackles from Lodul's apparatus.
The bolt of lightning hits you!!
Found 7 stones.
As you read the scroll labelled PICIPR TAUCS, it crumbles to dust.
It is a scroll of identify.
z - 5 scrolls of fear
Casting: Ice Form (dangerous; 21% risk of failure)
Confirm with . or Enter, or press ? or * to list all spells.
You don't know that spell.
Unknown command.
As you read the scroll of fear, it crumbles to dust.
You assume a fearsome visage.
The ogre looks frightened! x3
An ogre comes into view. It is wielding a +0 giant club.
Electricity crackles from Lodul's apparatus.
The bolt of lightning hits you!
Lodul zaps a wand.
You easily resist.
The ogre shouts!
Electricity crackles from Lodul's apparatus.
The bolt of lightning hits you!!
* * * LOW HITPOINT WARNING * * *
Your transformation is almost over.
Electricity crackles from Lodul's apparatus.
The bolt of lightning hits you!!
You die...

#.......###..# #.......#
##.# #.......# #.##
#....|..# #..# ...######
##.## ...# #..# #+# ..
...# #######.##
###.###.## ...#
#........###.........
...#
#........Y.#.#..##.##
########.......##...#..<#
.............O.###..#.#.#
....^...#.....## ##.#.#.#
.#.........O..# #....>#
..............# #.#.#.#
#.#......O....## #+#.#.#
.........O........ ..#.#
.#.#....#.........


You could see Lodul and 2 ogres.

Vanquished Creatures
  A two-headed ogre (D:9)
  A troll (D:10)
  A hornet (D:9)
  3 water moccasins
  3 black bears
  A centaur (D:4)
  3 ogres
  A phantom (D:4)
  3 kobold brigands (D:9)
  4 bullfrogs
  2 gnoll sergeants (D:8)
  A necrophage (D:4)
  2 scorpions
  5 wights (D:7)
  5 killer bees
  3 howler monkeys
  9 hounds
  3 jellies
  A gnoll bouda (D:9)
  4 orc priests
  8 iguanas
  7 orc wizards
  14 gnolls
  2 adders (D:3)
  A worm (D:3)
  A dart slug (D:2)
  23 orcs
  8 endoplasms
  A giant cockroach (D:4)
  7 hobgoblins
  11 jackals
  2 quokkas
  4 ball pythons
  3 bats
  6 frilled lizards
  14 goblins
  20 kobolds
  3 rats
191 creatures vanquished.

Vanquished Creatures (others)
  5 bushes (D:9)
5 creatures vanquished.

Grand Total: 196 creatures vanquished

Notes
Turn   | Place    | Note
-------+----------+-------------------------------------------
     0 | D:1      | Leeroy the Draconian Transmuter began the quest for the
                  | Orb.
     0 | D:1      | Reached XP level 1. HP: 16/16 MP: 3/3
    85 | D:1      | Found Ucwim's Assorted Antiques.
   247 | D:1      | Found Sikhlyocu's Assorted Antiques.
   378 | D:1      | Found Wubo's Jewellery Shoppe.
   504 | D:1      | Reached XP level 2. HP: 23/23 MP: 5/5
   813 | D:1      | Found Owneomil's Book Emporium.
  1163 | D:2      | Reached XP level 3. HP: 28/28 MP: 4/6
  1281 | D:2      | You fall into a shaft and drop 1 floor!
  1665 | D:3      | Reached skill level 4 in Unarmed Combat
  1665 | D:3      | Reached XP level 4. HP: 35/35 MP: 5/7
  2309 | D:2      | Found a faded altar of an unknown god.
  2627 | D:4      | Found a staircase to the Ecumenical Temple.
  2628 | D:4      | Noticed a scorpion
  2645 | D:4      | Killed a scorpion
  2646 | D:4      | Reached XP level 5. HP: 40/40 MP: 7/9
  2795 | Temple   | Entered the Ecumenical Temple
  2816 | Temple   | Became a worshipper of the Wu Jian Council
  2831 | D:4      | Learned a level 3 spell: Spider Form
  2834 | D:4      | Learned a level 2 spell: Wereblood
  2836 | D:4      | Learned a level 1 spell: Slow
  2902 | D:4      | Reached skill level 5 in Unarmed Combat
  2902 | D:4      | Reached XP level 6. HP: 30/47 MP: 8/10
  3125 | D:4      | Reached skill level 6 in Unarmed Combat
  3142 | D:4      | Reached * piety under Wu Jian
  3383 | D:4      | Your scales start taking on a pale cyan-grey colour.
  3383 | D:4      | Reached XP level 7. HP: 37/52 MP: 11/11
  3383 | D:4      | Gained mutation: You are immune to the effects of steam.
                  | [Pale Draconian growth]
  3698 | D:4      | Found a glowing silver altar of Zin.
  3698 | D:4      | Noticed an angel
  3795 | D:4      | Identified the +9 scimitar of the Twenty Brambles {freeze,
                  | SInv}
  3998 | D:5      | Entered Level 5 of the Dungeon
  4004 | D:5      | Reached skill level 7 in Unarmed Combat
  4450 | D:5      | Found a broken altar of Ashenzari.
  4491 | D:5      | Reached skill level 8 in Unarmed Combat
  4491 | D:5      | Reached XP level 8. HP: 59/59 MP: 9/12
  4513 | D:5      | Found an opulent altar of Gozag.
  4519 | D:5      | Found Gozag's Platinum Reserve.
  4746 | D:5      | Reached skill level 5 in Transmutations
  4960 | D:5      | Found a shadowy altar of Dithmenos.
  4960 | D:5      | Found a bloodstained altar of Trog.
  5227 | D:6      | Learned a level 4 spell: Ice Form
  5361 | D:6      | Identified the +6 scale mail of Geetsinaci {+Blink rC- rN+
                  | SInv}
  5380 | D:6      | Reached skill level 1 in Ice Magic
  5586 | D:6      | Reached skill level 9 in Unarmed Combat
  5925 | D:7      | Reached XP level 9. HP: 54/62 MP: 9/13
  6033 | D:7      | Reached ** piety under Wu Jian
  6296 | D:7      | Found a basalt altar of Yredelemnul.
  6575 | D:8      | Noticed a death yak
  6618 | D:8      | Found Guuploic's Antique Weapon Shoppe.
  6707 | D:8      | Noticed a death yak
  6709 | D:8      | Noticed a death yak
  6841 | D:8      | Found a snail-covered altar of Cheibriados.
  6895 | D:8      | Reached skill level 10 in Unarmed Combat
  7040 | D:8      | Found a staircase to the Lair.
  7041 | D:8      | Noticed a death yak
  7088 | D:8      | Noticed a death yak
  7337 | D:8      | Found a glowing golden altar of the Shining One.
  7409 | D:8      | Noticed a death yak
  7747 | D:8      | Noticed a death yak
  7781 | D:9      | Noticed a two-headed ogre
  7821 | D:8      | Noticed a two-headed ogre
  8659 | D:9      | Reached skill level 11 in Unarmed Combat
  8808 | D:9      | Found a hide-covered altar of Uskayaw.
  9010 | D:9      | Reached *** piety under Wu Jian
  9234 | D:9      | Killed a two-headed ogre
  9235 | D:9      | Reached XP level 10. HP: 70/71 MP: 14/14
  9360 | D:10     | Entered Level 10 of the Dungeon
  9383 | D:10     | Found a sacrificial altar of Ru.
  9538 | D:10     | Noticed Lodul
  9573 | D:10     | Killed from afar by Lodul

Illustrated notes

Levels and vault maps discovered:
D:1:      wander_arrival_abandoned_jail, layout_loops_corners, serial_shops,
          nicolae_shop_waterfront, nicolae_shop_overgrown_old_shop,
          shop_fountains, shop
D:2:      layout_loops_ring, shapermc_ecumenical_altar_mp_urbaneastern,
          skrybe_limestone_x, minmay_pentomino_v2
D:3:      layout_basic, amcnicky_mini_pool_small
D:4:      layout_basic, zin_angel, minmay_temple_entry_stoned_glass,
          minmay_misc_feat_columns
D:5:      minmay_angry_zag, layout_loops_ring, nicolae_gozag_zags_fifth_avenue,
          kennysheep_mini_moat, gammafunk_temple_overflow_elements,
          hangedman_decor_peaks_small
D:6:      layout_basic, minmay_between
D:7:      layout_basic, lemuel_crystal_altar, minmay_splitting_lines
D:8:      layout_basic, mainiacjoe_overflow_catwalk_spiral, dpeg_lair_monsters,
          serial_shops, shop
D:9:      layout_loops_ring, mainiacjoe_overflow_small_starburst,
          minmay_hedge_maze, st_stairs_12
D:10:     layout_basic, mainiacjoe_overflow_catwalk, serial_shops, shop,
          hex_large, uniq_lodul
Temple:   hc_temple_tempest_star

Skill      XL: |  1  2  3  4  5  6  7  8  9 |
---------------+----------------------------+-----
Dodging        | 2 3 4 |  4.0
Unarmed Combat | 4 5 6 8 9 11 | 11.8
Transmutations | 3 4 6 7 |  7.6
Ice Magic      | 2 3 |  3.0
Fighting       | |  1.3
Stealth        | |  0.4
Shields        | |  0.1
Spellcasting   | |  2.9

Action                   |  1- 3 |  4- 6 |  7- 9 | 10-12 || total
-------------------------+-------+-------+-------+-------++-------
Melee: Unarmed           |   159 |   143 |   359 |     8 ||   669
       Tailslap          |     8 |    13 |    25 |       ||    46
       Punch             |     4 |     4 |    12 |       ||    20
       Kick              |    11 |    16 |    31 |       ||    58
       Headbutt          |     2 |     9 |    12 |       ||    23
 Cast: Beastly Appendage |    17 |    11 |    17 |       ||    45
       Slow              |       |     2 |       |       ||     2
       Wereblood         |       |     1 |       |       ||     1
       Spider Form       |       |       |    13 |       ||    13
       Ice Form          |       |       |     6 |     2 ||     8
Invok: Lunge             |       |     3 |    31 |     1 ||    35
       Whirlwind         |       |       |    16 |     2 ||    18
 Abil: Breathe Steam     |       |       |     2 |       ||     2
       Wall Jump         |       |       |     1 |       ||     1
Evoke: Wand              |       |       |     4 |       ||     4
  Use: Potion            |       |     1 |       |       ||     1
       Scroll            |       |       |       |     2 ||     2
 Stab: Sleeping          |     2 |     1 |     1 |       ||     4
       Paralysed         |       |       |     1 |       ||     1
Armor: Skin              |    60 |    53 |   100 |       ||   213
Dodge: Dodged            |    96 |    85 |   159 |     2 ||   342
Block: Other             |       |       |    71 |     2 ||    73
       Reflection        |       |       |     2 |       ||     2

Table legend: (Time is in decaauts)
 A = Elapsed time spent in this place.
 B = Non-inter-level travel time spent in this place.
 C = Inter-level travel time spent in this place.
 D = Time resting spent in this place.
 E = Time spent auto-exploring this place.
 F = Levels seen in this place.
 G = Mean time per level.
                   A        B        C        D        E       F      G
               +--------+--------+--------+--------+--------+-----+--------+
         Total |   9508 |   8598 |    910 |    506 |   6349 |  11 |  864.4 |
       Dungeon |   9477 |   8580 |    897 |    506 |   6336 |  10 |  947.7 |
        Temple |     30 |     17 |     13 |      0 |     13 |   1 |   30.0 |
               +--------+--------+--------+--------+--------+-----+--------+

Top non-repeatable levels by time:
     D:7: 1435 daAuts
     D:4: 1345 daAuts
     D:8: 1219 daAuts
     D:5: 1179 daAuts
     D:1: 954 daAuts
     D:9: 919 daAuts
     D:2: 850 daAuts
     D:3: 793 daAuts
     D:6: 569 daAuts
    D:10: 211 daAuts
  Temple: 30 daAuts
